 Dungeon Crawl Stone Soup version 0.25-a0-589-g1e14c549ee (webtiles) character file.

Game seed: 4587174861516528625, levelgen mode: deterministic

102 Gynju the Conjurer (level 4, -1/27 HPs)
             Began as an Octopode Conjurer on Mar 11, 2020.
             Slain by an orc wizard
             ... wielding a +0 dagger
              (5 damage)
             ... on level 3 of the Dungeon.
             The game lasted 00:02:44 (2544 turns).

Gynju the Conjurer (Octopode Conjurer)              Turns: 2544, Time: 00:02:45

Health: -1/27      AC:  1    Str:  7    XL:     4   Next: 77%
Magic:  2/8        EV: 14    Int: 18    God:
Gold:   88         SH:  0    Dex: 12    Spells: 7/8 levels left

rFire    . . .     SeeInvis .   k - +1 hunting sling (vorpal)
rCold    . . .     Gourm    .   (no shield)
rNeg     . . .     Faith    .   (helmet restricted)
rPois    .         Spirit   .   (no amulet)
rElec    .         Reflect  .   j - ring of flight
rCorr    .         Harm     .   (no ring)
MR       .....                  (no ring)
Stlth    +++.......             (no ring)
HPRegen  0.09/turn              (no ring)
MPRegen  0.11/turn              (no ring)
                                (no ring)
                                (no ring)

@: slowed, very slow
A: almost no armour, stealthy swim, amphibious, 8 rings, constrict 8, camouflage
1, gelatinous body 1
a: Evoke Flight


You were on level 3 of the Dungeon.
You were not hungry.

You visited 1 branch of the dungeon, and saw 3 of its levels.

You collected 88 gold pieces.

Inventory:

Hand Weapons
 d - a +0 short sword
 k - a +1 vorpal hunting sling (weapon)
Missiles
 l - 5 stones (quivered)
Jewellery
 j - a ring of flight (left tentacle)
Wands
 a - a wand of iceblast (6)
Scrolls
 e - a scroll of teleportation {unknown}
 g - 2 scrolls of remove curse {unknown}
 h - a scroll of blinking {unknown}
 i - a scroll of random uselessness {unknown}
Potions
 c - a potion of curing {unknown}
 f - a potion of magic {unknown}
 m - a potion of heal wounds
Comestibles
 b - 3 rations
 n - 5 chunks of flesh


   Skills:
 + Level 2.9 Dodging
 + Level 4.1 Stealth
 + Level 2.7 Spellcasting
 + Level 4.5 Conjurations


You had 7 spell levels left.
You knew the following spells:

 Your Spells              Type           Power        Failure   Level  Hunger
a - Magic Dart            Conj           ###.         2%          1    None

Your spell library contained the following spells:

 Spells                   Type           Power        Failure   Level  Hunger
 Searing Ray              Conj           ###...       3%          2    ##.....
 Dazzling Flash           Conj/Hex       ##....       21%         3    ###....
 Fulminant Prism          Conj/Hex       ##........   54%         4    ####...
 Iskenderun's Mystic Bla  Conj/Tloc      ##......     54%         4    ####...


Dungeon Overview and Level Annotations

Branches:
Dungeon (3/15)

Altars:
Yredelemnul


Innate Abilities, Weirdness & Mutations

You cannot wear most types of armour.
You are very stealthy in the water. (Stealth+)
You are amphibious.
You can wear up to eight rings at the same time.
You can use your tentacles to constrict eight enemies at once.
Your skin changes colour to match your surroundings (Stealth+).
Your rubbery body absorbs attacks. (AC +1, EV +1)


Message History

Confirm with . or Enter, or press ? or * to list all spells.
You don't have enough magic to cast that spell.
The orc wizard points at you and mumbles some strange words.
You feel yourself slow down.
The orc wizard hits you with a +0 dagger. x2
The orc wizard closely misses you.
There is an open door here.
You see here a rat skeleton.
The orc wizard hits you but does no damage.
The orc wizard hits you with a +0 dagger.
* * * LOW HITPOINT WARNING * * *
The orc wizard barely misses you.
The orc wizard hits you but does no damage.
The orc wizard gestures at you while chanting.
The magic dart hits you.
* * * LOW HITPOINT WARNING * * *
The orc wizard closely misses you. The orc wizard closely misses you.
The orc wizard hits you with a +0 dagger.
You die...

......#)# #..^##
......#.###...######
######...#..>.......
#...#..........
#######
#...#[.........
#.....#
#..[รท..........
#.###.#
#...#..........
#.#...###
#######.#######
#.#.....# #..oo@..#
#.......# #######.#
#.#.##..# #.#
#.#..#..# #.#
#.#.##..###
#.####.#........
#......#########
########


You could see an orc wizard and an orc.

Vanquished Creatures
  4 adders (D:2)
  An ooze (D:2)
  A worm (D:2)
  A dart slug (D:1)
  A leopard gecko (D:2)
  2 orcs (D:3)
  A giant cockroach (D:1)
  8 goblins
  9 hobgoblins
  4 jackals (D:1)
  5 kobolds
  A quokka (D:2)
  A ball python skeleton (D:2)
  2 bats (D:2)
  4 frilled lizards
  5 rats
  A spectral orc (D:2)
51 creatures vanquished.

Notes
Turn   | Place    | Note
-------+----------+-------------------------------------------
     0 | D:1      | Gynju the Octopode Conjurer began the quest for the Orb.
     0 | D:1      | Reached XP level 1. HP: 11/11 MP: 3/3
   140 | D:1      | Reached XP level 2. HP: 8/17 MP: 0/5
   946 | D:2      | Reached XP level 3. HP: 21/21 MP: 4/6
  1504 | D:2      | Reached XP level 4. HP: 27/27 MP: 1/7
  2226 | D:2      | Found a basalt altar of Yredelemnul.
  2544 | D:3      | Slain by an orc wizard

Levels and vault maps discovered:
D:1:      elethiomel_arrival_shortcut, layout_basic
D:2:      layout_basic, yredelemnul_forgotten_temple_becter, first_ration
D:3:      layout_basic, portal_sewer_entry_e

Skill      XL: |  1  2  3  4 |
---------------+-------------+-----
Stealth        | 3 4 |  4.1
Dodging        | |  2.9
Spellcasting   | |  2.7
Conjurations   | |  4.5

Action                   |  1- 3 |  4- 6 || total
-------------------------+-------+-------++-------
Melee: Unarmed           |     6 |       ||     6
       Constrict         |     7 |     3 ||    10
       Tentacles         |     4 |     1 ||     5
       Short sword       |    19 |    19 ||    38
       Hunting sling     |       |     1 ||     1
 Fire: Hunting sling     |       |    19 ||    19
 Cast: Magic Dart        |    48 |    49 ||    97
 Stab: Sleeping          |     2 |       ||     2
  Eat: Chunk             |     2 |     3 ||     5
Armor: Skin              |     2 |     4 ||     6
Dodge: Dodged            |    19 |    29 ||    48

Table legend:
 A = Non-vault XP
 B = Vault XP
 C = Vault XP percentage of total XP
 D = Non-vault monster count
 E = Vault monster count
 F = Vault count percentage of total count
                 A         B        C        D         E       F
            +---------+---------+-------+---------+---------+-------
      Total |     145 |       1 |   0.7 |      50 |       1 |   2.0
            +---------+---------+-------+---------+---------+-------
        D:1 |      33 |       0 |   0.0 |      17 |       0 |   0.0
        D:2 |     102 |       1 |   1.0 |      28 |       1 |   3.4
        D:3 |      10 |       0 |   0.0 |       5 |       0 |   0.0
            +---------+---------+-------+---------+---------+-------
